 Dungeon Crawl Stone Soup version 0.29.0-5-ge4962eb29e (webtiles) character file.

Game seed: 17165271987240439747

2 raistware the Conjurer (level 1, 0/11 HPs)
             Began as an Octopode Conjurer on Aug 29, 2022.
             Slain by a gnoll
             ... wielding a +0 spear
              (3 damage)
             ... on level 1 of the Dungeon.
             The game lasted 00:00:39 (160 turns).

raistware the Conjurer (Octopode Conjurer)           Turns: 160, Time: 00:00:40

Health: 0/11       AC:  1    Str:  6    XL:     1   Next: 30%
Magic:  0/3        EV: 10    Int: 20    God:
Gold:   23         SH:  0    Dex: 10    Spells: 3/4 levels left

rFire   . . .      SeeInvis .   (no weapon)
rCold   . . .      Faith    .   (no shield)
rNeg    . . .      Spirit   .   (helmet restricted)
rPois   .          Reflect  .   (no amulet)
rElec   .          Harm     .   (no ring)
rCorr   .          Rampage  .   (no ring)
Will    .....                   (no ring)
Stlth   +++.......              (no ring)
HPRegen 0.03/turn               (no ring)
MPRegen 0.08/turn               (no ring)
                                (no ring)
                                (no ring)

@: constricted
A: almost no armour, amphibious, 8 rings, camouflage 1, gelatinous body 1,
(nimble swimmer 1), tentacles
a: no special abilities


You were on level 1 of the Dungeon.
You visited 1 branch of the dungeon, and saw 1 of its levels.

You collected 23 gold pieces.

Inventory:

Potions
 a - a potion of magic


   Skills:
 - Level 2.0 Dodging
 - Level 2.6 Stealth
 + Level 2.1 Spellcasting
 - Level 4.0 Conjurations


You had 3 spell levels left.
You knew the following spells:

 Your Spells              Type           Power      Damage    Failure   Level
a - Magic Dart            Conj           72%        1d6       3%          1

Your spell library contained the following spells:

 Spells                   Type           Power      Damage    Failure   Level
 Searing Ray              Conj           36%        2d5       4%          2
 Dazzling Flash           Conj/Hex       20%        N/A       21%         3
 Fulminant Prism          Conj/Hex       5%         3d7       56%         4
 Iskenderun's Mystic Bla  Conj/Tloc      10%        2d4       56%         4


Dungeon Overview and Level Annotations

Branches:
Dungeon (1/15)

Altars:


Innate Abilities, Weirdness & Mutations

You cannot wear most types of armour.
You are amphibious.
You can wear up to eight rings at the same time.
Your skin changes colour to match your surroundings (Stealth+).
Your rubbery body absorbs attacks. (AC +1, EV +1)
((You are camouflaged when in or above water. (Stealth+)))
You have tentacles for arms and can constrict up to eight enemies at once.


Message History

The magic dart hits the bat.
You kill the bat!
You are out of magic!
A gnoll comes into view. It is wielding a +0 spear.
The magic dart hits the gnoll but does no damage.
The gnoll shouts!
You hear an angry hiss.
You hear a shout!
The magic dart hits the gnoll.
The gnoll is lightly wounded.
A ball python comes into view.
The magic dart hits the gnoll but does no damage.
The gnoll is lightly wounded.
The ball python bites the plant.
The plant begins to die.
The ball python grabs the plant.
The ball python constricts the plant.
You are out of magic!
You are out of magic!
You aren't carrying any items that you can evoke.
Unknown command.
As you read the scroll labelled SICKILE VAASHRU, it crumbles to dust.
It is a scroll of enchant weapon.
You aren't carrying any weapons that can be enchanted.
The ball python loses its grip on the plant.
You are out of magic!
The gnoll hits you from afar with a +0 spear.
The gnoll completely misses you.
You barely miss the gnoll. Your grab misses the gnoll.
The gnoll is lightly wounded.
The ball python closely misses you. The ball python grabs you.
The ball python constricts you. The gnoll misses you.
You are too injured to fight recklessly!
You are too injured to fight recklessly!
You are too injured to fight recklessly!
You are too injured to fight recklessly!
You closely miss the gnoll. Your grab misses the gnoll.
You squeeze the gnoll, but do no damage.
The gnoll is lightly wounded.
A nearby plant withers and dies.
The ball python bites you. The ball python constricts you.
* * * LOW HITPOINT WARNING * * *
The gnoll hits you with a +0 spear.
You die... ....P P.PP.

.P..P. .....P ####..PP.P
#......... ##.
#.Sg...... ...##########
#.@......#
##..........###........#
............'...........
............###........#
.......................#
.................####...
.................# ...
.##............... ..
#............(...


You could see a gnoll and a ball python.

Vanquished Creatures
  A kobold (D:1)
  A bat (D:1)
2 creatures vanquished.

Vanquished Creatures (others)
  2 plants (D:1)
2 creatures vanquished.

Grand Total: 4 creatures vanquished

Notes
Turn   | Place    | Note
-------+----------+-------------------------------------------
     0 | D:1      | raistware the Octopode Conjurer began the quest for the
                  | Orb.
     0 | D:1      | Reached XP level 1. HP: 11/11 MP: 3/3
   160 | D:1      | Slain by a gnoll

Illustrated notes

Levels and vault maps discovered:
D:1:      dpeg_arrival_arbitrary_b, layout_basic, basic_ecumenical_altar,
          nicolae_grassy_gnolls

Action                   || total
-------------------------++-------
Melee: Unarmed           ||     2
       Tentacles         ||     1
 Cast: Magic Dart        ||    11
  Use: Scroll            ||     1
Dodge: Dodged            ||     4
